 Dungeon Crawl Stone Soup version 0.23.0-3-gf3c87f2df8 (webtiles) character file.

Game seed: 15688664020917744850

1485 Ivernyr the Frost Mage (level 8, -2/62 HPs)
             Began as a Naga Ice Elementalist on Feb 23, 2019.
             Slain by a yak (12 damage)
             ... on level 6 of the Dungeon on Feb 25, 2019.
             The game lasted 00:24:11 (8719 turns).

Ivernyr the Frost Mage (Naga Ice Elementalist)      Turns: 8719, Time: 00:24:12

Health: -2/62      AC:  5    Str: 12    XL:     8   Next: 79%
Magic:  0/15       EV: 11    Int: 19    God:
Gold:   448        SH:  0    Dex: 11    Spells: 5/17 levels left

rFire    . . .     SeeInvis +   i - +0 spear
rCold    . . .     Gourm    .   (no shield)
rNeg     . . .     Faith    .   a - +0 robe
rPois    +         Spirit   .   (no helmet)
rElec    .         Reflect  .   J - +0 cloak
rCorr    .         Harm     .   w - +0 pair of gloves
MR       +....                  (no barding)
Stlth    ++........             (no amulet)
HPRegen  0.20/turn              d - +2 ring of intelligence
MPRegen  0.14/turn              B - ring of wizardry

@: short of breath, very slow
A: large, see invisible, deformed body, poison resistance, slowness 2, slow
metabolism 1, spit poison 1, AC +2
a: Spit Poison


You were on level 6 of the Dungeon.
You were hungry.

You visited 1 branch of the dungeon, and saw 7 of its levels.

You collected 448 gold pieces.

Inventory:

Hand Weapons
 i - a +0 spear (weapon)
Armour
 a - a +0 robe (worn)
 g - a scarf of repulsion
 w - a +0 pair of gloves (worn)
 J - a +0 cloak (worn)
Jewellery
 d - a +2 ring of intelligence (left hand)
 o - an uncursed ring of flight
 B - a ring of wizardry (right hand)
Wands
 y - a wand of enslavement (4)
 G - a wand of flame (16)
Scrolls
 e - 4 scrolls of identify
 h - a scroll of noise {unknown}
 j - 3 scrolls of fog
 k - 2 scrolls of blinking {unknown}
 m - 2 scrolls of enchant armour
 n - a scroll of teleportation {unknown}
 p - 3 scrolls of remove curse
 q - a scroll of magic mapping {unknown}
 s - 4 scrolls of enchant weapon
 x - a scroll of fear {unknown}
 A - a scroll of immolation {unknown}
 C - 2 scrolls of amnesia {unknown}
 D - a scroll of random uselessness {unknown}
Potions
 b - 5 potions of heal wounds {unknown}
 f - 4 potions of might {unknown}
 l - 2 potions of invisibility {unknown}
 r - 2 potions of flight {unknown}
 t - a potion of curing {unknown}
 u - 2 potions of magic {unknown}
 v - a potion of brilliance {unknown}
 z - a potion of berserk rage {unknown}
 E - 2 potions of agility {unknown}
 F - a potion of mutation {unknown}
 I - a potion of haste {unknown}
Comestibles
 c - 12 rations


   Skills:
 + Level 4.6 Dodging
 - Level 3.0 Stealth
 + Level 5.1 Spellcasting
 - Level 1.0 Conjurations
 * Level 8.1 Ice Magic


You had 5 spell levels left.
You knew the following spells:

 Your Spells              Type           Power        Failure   Level  Hunger
a - Freeze                Ice            ####         1%          1    None
b - Ozocubu's Armour      Chrm/Ice       ###.....     2%          3    ##.....
c - Throw Icicle          Conj/Ice       ###.....     8%          4    ####...
d - Summon Ice Beast      Ice/Summ       ###.....     9%          4    ####...

Your spell library contained the following spells:

 Spells                   Type           Power        Failure   Level  Hunger
 Throw Frost              Conj/Ice       ###...       1%          2    #......
 Shock                    Conj/Air       #...         4%          1    None
 Swiftness                Chrm/Air       #.......     8%          2    #......
 Static Discharge         Conj/Air       #.......     12%         3    ##.....
 Airstrike                Air            #.........   43%         4    ####...
 Lightning Bolt           Conj/Air       #.........   69%         5    ######.


Dungeon Overview and Level Annotations

Branches:
Dungeon (7/15)
 Temple: D:4-7

Altars:
Nemelex Xobeh


Innate Abilities, Weirdness & Mutations

You cannot wear boots.
Your serpentine skin is tough. (AC +2)
You have supernaturally acute eyesight. (SInv)
Armour fits poorly on your strangely shaped body.
Your system is resistant to poisons. (rPois)
You cover ground very slowly.
You have a slow metabolism.
You can spit poison.


Message History

The yak is heavily wounded.
You feel slightly more hungry. The yak gores you!
* * * LOW HITPOINT WARNING * * *
The shadow imp hits you.
* * * LOW HITPOINT WARNING * * *
Your ice beast hits the yak but does no damage.
Your ice beast barely misses the yak.
The yak gores you.
* * * LOW HITPOINT WARNING * * *
You barely miss the yak.
The yak is moderately wounded.
The shadow imp hits you but does no damage.
Your ice beast hits the yak but does no damage. x2
The yak gores you.
* * * LOW HITPOINT WARNING * * *
You hit the yak.
The yak is heavily wounded.
The shadow imp closely misses you.
Your ice beast hits the yak but does no damage. x2
The yak gores you!
You die...

.## #............###..## ..#
##.................# #.##
####.........####.. #..#
###....#### ##. ##.########
##..### ## #..##....#
###.<.# ##.......#
###.....##### ##.......#
##...........## ###
##........####..@..........#
##..
#..............YY5.....)..##
#...
.#.........#...Y........###
##...
##.........#.........####
#.... ##...................#
#.... #...................#
#.... #########..#####..###
##..# #### #### ####


You could see a yak, a shadow imp and 2 friendly ice beasts.

Vanquished Creatures
  Sigmund (D:5)
  A water moccasin (D:4)
  A sky beast (D:6)
  An ogre (D:7)
  A scorpion (D:6)
  A howler monkey (D:5)
  A hound (D:5)
  2 bullfrog skeletons
  2 orc priests (D:4)
  A centaur skeleton (D:4)
  2 jellies
  Ijyb (D:4)
  3 iguanas
  4 orc wizards
  6 worker ants
  A killer bee zombie (D:5)
  7 gnolls
  5 adders
  A shadow imp (D:5)
  An ooze (D:1)
  An adder skeleton (D:5)
  3 worms
  4 dart slugs
  3 leopard geckos
  13 orcs
  4 bats
  11 giant cockroaches
  5 goblins
  5 hobgoblins
  10 jackals
  4 quokkas
  2 ball pythons
  2 frilled lizards (D:1)
  A giant cockroach zombie (D:5)
  8 kobolds
  A quokka skeleton (D:7)
  9 rats
129 creatures vanquished.

Vanquished Creatures (collateral kills)
  An ogre (D:5)
  A centaur skeleton (D:5)
  A killer bee zombie (D:6)
  A gnoll (D:5)
  An adder (D:6)
  3 jackals (D:6)
8 creatures vanquished.

Grand Total: 137 creatures vanquished

Notes
Turn   | Place    | Note
-------+----------+-------------------------------------------
     0 | D:1      | Ivernyr the Naga Ice Elementalist began the quest for the
                  | Orb.
     0 | D:1      | Reached XP level 1. HP: 15/15 MP: 3/3
   349 | D:1      | Reached XP level 2. HP: 14/22 MP: 5/5
   805 | D:1      | Reached XP level 3. HP: 28/28 MP: 4/6
   888 | D:1      | Learned a level 3 spell: Ozocubu's Armour
  1557 | D:2      | Reached skill level 4 in Ice Magic
  1562 | D:2      | Reached XP level 4. HP: 32/36 MP: 2/7
  2464 | D:2      | Reached XP level 5. HP: 36/42 MP: 9/9
  3621 | D:3      | Reached skill level 5 in Ice Magic
  3949 | D:3      | Reached XP level 6. HP: 45/49 MP: 4/10
  4238 | D:4      | Noticed a water moccasin
  4248 | D:4      | Killed a water moccasin
  4248 | D:4      | Reached XP level 7. HP: 40/55 MP: 2/12
  4554 | D:4      | Reached skill level 6 in Ice Magic
  5207 | D:4      | Noticed Ijyb
  5223 | D:4      | Killed Ijyb
  5402 | D:5      | Entered Level 5 of the Dungeon
  5566 | D:5      | Learned a level 4 spell: Throw Icicle
  5571 | D:5      | Learned a level 4 spell: Summon Ice Beast
  6047 | D:5      | Reached XP level 8. HP: 62/62 MP: 10/14
  6162 | D:5      | Noticed Sigmund
  6170 | D:5      | Killed Sigmund
  6170 | D:5      | Reached skill level 7 in Ice Magic
  7670 | D:6      | Found a sparkling altar of Nemelex Xobeh.
  7914 | D:6      | Reached skill level 5 in Spellcasting
  8316 | D:6      | Reached skill level 8 in Ice Magic
  8672 | D:7      | Noticed a yak
  8697 | D:7      | Noticed a yak
  8697 | D:7      | Noticed a yak
  8697 | D:7      | Noticed a yak
  8719 | D:6      | Slain by a yak

Skill      XL: |  1  2  3  4  5  6  7  8 |
---------------+-------------------------+-----
Dodging        | 2 3 4 |  4.6
Ice Magic      | 4 5 6 8 |  8.1
Spellcasting   | 3 4 5 |  5.1
Stealth        | |  3.0
Conjurations   | |  1.0

Action                   |  1- 3 |  4- 6 |  7- 9 || total
-------------------------+-------+-------+-------++-------
Melee: Unarmed           |    39 |    10 |       ||    49
       Spear             |       |    64 |    72 ||   136
 Cast: Freeze            |    30 |    64 |    89 ||   183
       Ozocubu's Armour  |       |     1 |     2 ||     3
       Summon Ice Beast  |       |       |     7 ||     7
       Throw Icicle      |       |       |    19 ||    19
 Abil: Spit Poison       |    21 |    17 |    14 ||    52
  Use: Scroll            |       |       |     5 ||     5
 Stab: Sleeping          |     1 |       |     1 ||     2
  Eat: Chunk             |     2 |     4 |    12 ||    18
       Ration            |       |     1 |     1 ||     2
Armor: Robe              |    14 |    41 |    46 ||   101
Dodge: Dodged            |    43 |    73 |   120 ||   236
       Deflected         |       |       |     6 ||     6
